 Dungeon Crawl Stone Soup version 0.29-a0-892-g2c4c91d9db (webtiles) character file.

Game seed: 14039990773445686890

367 Querens the Covered (level 7, 0/60 HPs)
             Began as a Meteoran Fighter on July 22, 2022.
             Slain by an orc priest
             ... wielding a +0 hand axe of flaming
              (1 damage)
             ... on level 4 of the Dungeon.
             The game lasted 00:06:30 (1819 turns).

Querens the Covered (Meteoran Fighter)              Turns: 1819, Time: 00:06:32

Health: 0/60       AC:  8    Str: 20    XL:     7   Next: 21%
Magic:  7/7        EV: 14    Int: 10    God:
Gold:   137        SH: 10    Dex: 13    Spells: 6/6 levels left

rFire   . . .      SeeInvis .   u - +4 hand axe
rCold   . . .      Faith    .   c - +0 buckler
rNeg    . . .      Spirit   .   b - +0 scale mail
rPois   .          Reflect  +   (no helmet)
rElec   .          Harm     .   o - +0 cloak
rCorr   .          Rampage  .   (no gloves)
Will    .....                   (no boots)
Stlth   ..........              t - amulet of reflection
HPRegen 0.20/turn               p - +4 ring of evasion
MPRegen 0.10/turn               (no ring)

@: glowing
A: sense surroundings 1, otherworldly, glowing, explore regen, low MP 1
a: no special abilities


You were on level 4 of the Dungeon.
You visited 1 branch of the dungeon, and saw 4 of its levels.

You collected 137 gold pieces.

Inventory:

Hand Weapons
 a - a +0 war axe
 u - a +4 hand axe (weapon)
Armour
 b - a +0 scale mail (worn)
 c - a +0 buckler (worn)
 o - a +0 cloak (worn)
Jewellery
 e - a ring of fire
 p - a +4 ring of evasion (left hand)
 t - an amulet of reflection (around neck)
Scrolls
 f - a scroll of enchant weapon {unknown}
 g - a scroll of butterflies {unknown}
 l - a scroll of amnesia {unknown}
 m - a scroll of enchant armour {unknown}
 q - 2 scrolls of teleportation {unknown}
 r - 2 scrolls of identify {unknown}
Potions
 d - 3 potions of might
 j - 2 potions of brilliance
 n - 2 potions of attraction


   Skills:
 + Level 4.8 Fighting
 + Level 4.4 Axes
 + Level 5.2 Armour
 + Level 1.7 Dodging
 + Level 5.2 Shields


You had 6 spell levels left.
You didn't know any spells.
Your spell library contained the following spells:

 Spells                   Type           Power      Damage    Failure   Level
 Ensorcelled Hibernation  Hex/Ice        0%         N/A       89%         2
 Passwall                 Tmut/Erth      0%         N/A       89%         2
 Swiftness                Air            0%         N/A       98%         3
 Fireball                 Conj/Fire      0%         3d3       100%        5
 Starburst                Conj/Fire      0%         6d3       100%        6
 Ignition                 Fire           0%         3d3       100%        8


Dungeon Overview and Level Annotations

Branches:
Dungeon (4/15) Zot: 475
 Temple: D:4-7

Altars:
Qazlal


Innate Abilities, Weirdness & Mutations

You passively map a small area around you.
You are easily found by Zot.
You glow in the dark.
You regain HP and MP as you explore.
Your magical capacity is low. (-10% MP)


Message History

It was a potion of mutation.
You feel extremely strange.
You feel less energetic.
The orc priest hits you but does no damage.
Something hits you but does no damage.
It was a potion of curing.
You feel better.
The orc priest begins to cast a cantrip, but forgets the words!
Something hits you but does no damage.
It was a potion of resistance.
You feel protected.
The orc priest hits you with a +0 hand axe of flaming!
* * * LOW HITPOINT WARNING * * *
The orc priest burns you.
* * * LOW HITPOINT WARNING * * *
You hear some strange, mumbled words.
A puff of flame appears from out of thin air!
The puff of flame hits you. You resist.
* * * LOW HITPOINT WARNING * * *
It was a potion of cancellation.
Your magical effects are unravelling.
You feel magically purged.
Your resistance to elements expires.
You block the orc priest's attack. Something hits you.
* * * LOW HITPOINT WARNING * * *
You feel less attractive to monsters.
You slash something!
Reactivating autopickup.
You feel a bit more experienced.
You closely miss the orc priest.
The orc priest hits you with a +0 hand axe of flaming.
* * * LOW HITPOINT WARNING * * *
The orc priest burns you.
* * * LOW HITPOINT WARNING * * *
Unknown command.
Unknown command.
You hit the orc priest but do no damage.
The orc priest is heavily wounded.
The orc priest hits you but does no damage.
The orc priest hits you with a +0 hand axe of flaming.
* * * LOW HITPOINT WARNING * * *
The orc priest burns you.
You die...

, , * # , * # , , # * * #####
, * * ,, #####.... , , ,###
#........ , * #### o..#
#........ * * ##..##...#
#........ #..)@o...#
#........ , #...)....#
#........ ,
######..#########........ , ,
#...##..##..##..#....####
,,#.<.###'##......#....#... ,
#...##..##...)..#....#... *
##+##.......##..##..'....+...
*
............##..##..#....#...
.............#......#....#..#


You could see an orc priest.

Vanquished Creatures
  Blork the orc (D:4)
  2 hounds
  A gnoll bouda (D:4)
  Crazy Yiuf (D:2)
  An orc wizard (D:4)
  3 gnolls (D:4)
  3 adders
  5 dart slugs
  2 worms
  8 orcs
  5 ball pythons
  9 bats
  4 endoplasms
  4 giant cockroaches
  6 goblins
  11 hobgoblins
  3 jackals (D:3)
  3 kobolds (D:1)
  A quokka (D:1)
  4 frilled lizards
  7 rats
  A spectral kobold (D:1)
85 creatures vanquished.

Vanquished Creatures (others)
  3 plants (D:3)
  4 toadstools (D:1)
7 creatures vanquished.

Grand Total: 92 creatures vanquished

Notes
Turn   | Place    | Note
-------+----------+-------------------------------------------
     0 | D:1      | Querens the Meteoran Fighter began the quest for the Orb.
     0 | D:1      | Reached XP level 1. HP: 19/19 MP: 2/2
    91 | D:1      | Reached XP level 2. HP: 26/26 MP: 3/3
   127 | D:1      | Reached XP level 3. HP: 17/31 MP: 4/4
   136 | D:1      | Found a faded altar of an unknown god.
   463 | D:1      | Glimpsed the power of Zot.
   512 | D:1      | Glimpsed the power of Zot.
   513 | D:1      | Reached XP level 4. HP: 40/40 MP: 5/5
   780 | D:2      | Found a runed translucent door.
   781 | D:2      | Noticed Crazy Yiuf
   788 | D:2      | Killed Crazy Yiuf
   789 | D:2      | Reached XP level 5. HP: 10/46 MP: 6/6
  1147 | D:3      | Reached XP level 6. HP: 38/52 MP: 7/7
  1395 | D:3      | Found a stormy altar of Qazlal.
  1577 | D:4      | Noticed Blork the orc
  1596 | D:4      | Killed Blork the orc
  1597 | D:4      | Reached skill level 5 in Armour
  1597 | D:4      | Reached skill level 1 in Dodging
  1597 | D:4      | Reached skill level 5 in Shields
  1669 | D:4      | Reached XP level 7. HP: 22/60 MP: 8/8
  1814 | D:4      | Gained mutation: Your magical capacity is low. (-10% MP)
                  | [potion of mutation]
  1818 | D:4      | HP: 2/60 [orc priest/+0 hand axe of flaming (2)]
  1819 | D:4      | Slain by an orc priest

Illustrated notes

Levels and vault maps discovered:
D:1:      ldierk_water_garden, layout_basic,
          dreamdust_ecumenical_altar_drowned_temple
D:2:      layout_rooms, uniq_crazy_yiuf_cottage
D:3:      layout_basic, lemuel_tele_altar, serial_curves, eino_curves_02,
          eino_curves_02, st_stairs_13, chequers_big_river,
          serial_park_tiny_pond, minmay_misc_feat_diagonals
D:4:      layout_gridville, uniq_blork_the_orc

Skill      XL: |  1  2  3  4  5  6 |
---------------+-------------------+-----
Armour         | 4 5 |  5.2
Shields        | 4 5 |  5.2
Axes           | 3 4 |  4.4
Fighting       | 4 |  4.8
Dodging        | 1 |  1.7

Action                   |  1- 3 |  4- 6 |  7- 9 || total
-------------------------+-------+-------+-------++-------
Melee: War axe           |    78 |   133 |    16 ||   227
       Hand axe          |       |       |    14 ||    14
  Use: Potion            |       |     1 |     5 ||     6
Armor: Scale mail        |    69 |    59 |    17 ||   145
Dodge: Dodged            |    44 |    82 |    12 ||   138
Block: Buckler           |    30 |    65 |    11 ||   106
       Reflection        |       |     1 |       ||     1

Table legend: (Time is in decaauts)
 A = Elapsed time spent in this place.
 B = Non-inter-level travel time spent in this place.
 C = Inter-level travel time spent in this place.
 D = Time resting spent in this place.
 E = Time spent auto-exploring this place.
 F = Levels seen in this place.
 G = Mean time per level.
                   A        B        C        D        E       F      G
               +--------+--------+--------+--------+--------+-----+--------+
         Total |   1923 |   1647 |    276 |      0 |      0 |   4 |  480.8 |
       Dungeon |   1923 |   1647 |    276 |      0 |      0 |   4 |  480.8 |
               +--------+--------+--------+--------+--------+-----+--------+

Top non-repeatable levels by time:
     D:3: 695 daAuts
     D:1: 583 daAuts
     D:2: 331 daAuts
     D:4: 312 daAuts
